 Dungeon Crawl Stone Soup version 0.02-100-gc9e1e00884 (webtiles) character file.

Game seed: 7543190524157765551, levelgen mode: deterministic

224 Borgoz the Skirmisher (level 6, -9/100 HPs) Ogre Berserker. Began on Sept 16, 2020. Was a Believer of Trog. Splashed by a jelly's acid (10 damage) ... on level 2 of the Dungeon. The game lasted 00:03:05 (795 turns).

Borgoz the Skirmisher (Ogre Berserker)               Turns: 795, Time: 00:03:05

Health: -9/100     AC: -1    Str: 27    XL:     6 ^: 296
Magic:  6/6        EV:  8    Int:  8    God:    Trog [2* [54]]
Gold:   99         SH:  8    Dex: 10    Spells: 5/5 levels left

rFire    . . .     Vision   .   a - +0 mace
rCold    . . .     Gourm    .   h - +0 heater shield
rNeg     . . .     Faith    .   b - +0 animal skin
rPois    .         Spirit   .   (helmet restricted)
rElec    .         Reflect  .   (no cloak)
rCorr    .         Harm     .   (gloves unavailable)
MR       .....     Rnd*Rage +   (boots unavailable)
Stlth    ..........             (no amulet)
HPRegen  0.43/turn              (no ring)
MPRegen  0.16/turn              (no ring)

@: berserking, corroded, very quick
A: large, unfitting armour, tough skin 1
a: Berserk, Trog's Hand, Renounce Religion


You were on level 2 of the Dungeon.
You worshipped Trog.
Trog was pleased with you.
You were hungry.

You visited 1 branch of the dungeon, and saw 2 of its levels.

You collected 99 gold pieces.

Inventory:

Weapons
 a - a +0 mace (weapon) Shields
 h - a +0 heater shield (shield)
Armour
 b - a +0 animal skin (worn)
Scrolls
 d - a scroll of blinking
 e - a scroll of enchantment
Comestibles
 c - 6 rations


   Skills:
 * Level 5.7 Fighting
 * Level 5.1 Maces & Staves
 * Level 3.9 Dodging
 + Level 1.3 Shields


You had 5 spell levels left.
You didn't know any spells.
Your spell library was empty.

Dungeon Overview and Level Annotations

Branches:
Dungeon (2/8)

Altars:
Nemelex Xobeh
Ru


Innate Abilities, Weirdness & Mutations

You are too large for most types of armour.
You have tough skin. (AC +1)
You frequently lose your temper in combat.
This godly rage surpasses even clarity. (*Rage)


Message History

The jelly is severely wounded. (6/18) HP You block the jelly's attack.
You sock the jelly (15)!
You kill the jelly!
Trog accepts your kill.
You have reached level 6!
Your experience leads to an increase in your attributes!
Your base attributes are Str 21, Int 8, Dex 9.
Increase (S)trength, (I)ntelligence, or (D)exterity?
You feel agile.
You feel stronger.
You hit the ball python (3).
You kill the ball python!
Trog accepts your kill.
You sock the jelly (8)!
Your hands burn!
* * * LOW HITPOINT WARNING * * *
The jelly is heavily wounded. (7/15) HP The jelly hits you (1).
* * * LOW HITPOINT WARNING * * *
You are splashed with acid (10)!
You die...

#### ##### #.≈≈
##.†≈##
##..###..≈≈≈##
#..J#≈≈≈≈##.P##
#J≈≈≈##.PP.#
#@≈###...#...≈
#####
#≈.##≈≈.≈#
##_##
##≈.##.#.#
#8...8 ##≈≈###
# #≈....####.≈#
8.....8#≈.≈##
##.....##..##
#8..!8##..≈##
#≈...##


You could see a jelly and an ooze.

Vanquished Creatures
  A slime creature (D:2)
  A jelly (D:2)
  A gnoll (D:1)
  2 cinder newts (D:1)
  3 oozes
  A giant cockroach (D:2)
  A goblin (D:1)
  6 hobgoblins (D:1)
  4 kobolds (D:1)
  A ball python (D:2)
  5 bats (D:1)
  5 rats (D:1)
31 creatures vanquished.

Vanquished Creatures (others)
  2 kobolds (D:2)
  8 withered plants (D:2)
10 creatures vanquished.

Grand Total: 41 creatures vanquished

Notes
Turn   | Place    | Note
-------+----------+-------------------------------------------
     0 | D:1      | Borgoz the Ogre Berserker began the quest for the Orb.
     0 | D:1      | Reached XP level 1. HP: 24/24 MP: 1/1
   188 | D:1      | Reached XP level 2. HP: 17/33 MP: 2/2
   482 | D:1      | Reached XP level 3. HP: 39/40 MP: 3/3
   511 | D:1      | Found a sacrificial altar of Ru.
   528 | D:1      | Received a gift from Trog
   531 | D:1      | Reached ** piety under Trog
   743 | D:2      | Found a sparkling altar of Nemelex Xobeh.
   747 | D:2      | Noticed a slime creature
   752 | D:2      | Reached XP level 4. HP: 49/49 MP: 4/4
   787 | D:2      | Killed a slime creature
   787 | D:2      | Reached skill level 5 in Fighting
   787 | D:2      | Reached skill level 5 in Maces & Staves
   787 | D:2      | Reached skill level 1 in Shields
   787 | D:2      | Reached XP level 5. HP: 10/57 MP: 5/5
   793 | D:2      | Reached XP level 6. HP: 6/67 MP: 6/6
   795 | D:2      | HP: 2/100 [acid (5)]
   795 | D:2      | Splashed by a jelly's acid

Levels and vault maps discovered:
D:1:      nicolae_arrival_somewhat_less_tricky_arrival, layout_rooms,
          first_ration, minmay_hexomino_r4
D:2:      layout_sewer, nicolae_overflow_hidden_temple,
          okawaru_ov_weapons_minmay

Skill      XL: |  1  2  3  4 |
---------------+-------------+-----
Maces & Staves | 4 5 |  5.1
Dodging        | 3 |  3.9
Fighting       | 5 |  5.7
Shields        | 1 |  1.3

Action                   |  1- 3 |  4- 6 || total
-------------------------+-------+-------++-------
Melee: Mace              |    61 |    41 ||   102
       Unarmed           |    19 |       ||    19
Invok: Berserk           |     1 |       ||     1
  Use: Potion            |       |     1 ||     1
 Stab: Sleeping          |     1 |       ||     1
Armor: Animal skin       |    17 |       ||    17
       Skin              |       |    10 ||    10
Dodge: Dodged            |    30 |     1 ||    31
Block: Heater shield     |     4 |     6 ||    10
